AoeStats
← EMPEROR98265292

Black Forest

510059837Analyzed
4v4 RM · 4d ago on Sep 29, 2026· 41m 26s· 8 players
Game mode
Random Map
Map size
Large (8 player)
Population
200
Speed
Normal
Resources
Standard
Victory
Conquest
Starting age
Dark Age
Ending age
Imperial Age
RankedLock teamsTeams togetherTeam positionsShared explorationLock speedFull tech treeHidden civsTurbo modeCheats
Victory
Defeat
🇨🇳 Mongols · China
1604
+14
🇦🇺 Persians · Australia
1588
+15
🇹🇼 Khmer · Taiwan
1587
+15
🇨🇳 Britons · China
1558
+15
🇮🇳 Danes · India
1613
-18
🇳🇿 Bohemians · New Zealand
1548
-14
🇦🇺 Varangians · Australia
1544
-14
🇮🇳 Jurchens · India
1524
-13
ResonanceFreq
11:50 Feudal Age
15:11 Castle Age
13:36 Double-Bit Axe
14:22 Fishing Lines
15:54 Bow Saw
16:36 Gillnets
16:38 Horse Collar
19:41 Wheelbarrow
24:44 Hand Cart
27:27 Imperial Age
25:03 Gold Mining
25:16 Heavy Plow
25:07 Loom
25:09 Town Watch
26:49 Gold Shaft Mining
26:17 Stone Mining
27:21 Scale Barding Armor
27:26 Forging
28:11 Conscription
28:50 Crop Rotation
29:20 Chain Barding Armor
29:35 Iron Casting
31:27 Two-Man Saw
31:19 Plate Barding Armor
31:44 Blast Furnace
30:39 Elite War Elephant
31:51 Bloodlines
31:41 Husbandry
33:46 Coinage
36:10 Banking
37:30 Light Cavalry
38:18 Hussar
aaa
1:02 Loom
11:56 Feudal Age
16:08 Castle Age
14:03 Double-Bit Axe
15:06 Fletching
18:00 Bodkin Arrow
22:25 Padded Archer Armor
22:13 Fishing Lines
24:58 Ballistics
26:02 Yeomen
31:05 Wheelbarrow
35:58 Imperial Age
35:03 Gillnets
37:30 Bracer
37:52 Conscription
38:40 Chemistry
38:39 Leather Archer Armor
40:34 Hand Cart
40:04 Town Watch
菜就怪隊友
6:53 Loom
12:22 Feudal Age
13:14 Double-Bit Axe
15:59 Castle Age
14:12 Horse Collar
18:47 Bow Saw
19:33 Fishing Lines
20:53 Gillnets
21:43 Heavy Plow
22:43 Bloodlines
24:13 Wheelbarrow
29:06 Imperial Age
26:49 Scale Barding Armor
27:31 Husbandry
27:43 Forging
29:18 Chain Barding Armor
29:42 Iron Casting
30:22 Crop Rotation
31:45 Conscription
31:33 Elite Battle Elephant
32:39 Conscription
33:23 Tusk Swords
34:21 Plate Barding Armor
34:47 Blast Furnace
34:25 Fletching
36:05 Hand Cart
41:08 Bodkin Arrow
41:15 Padded Archer Armor
42:18 Chemistry
冬瀑
5:51 Loom
8:58 Feudal Age
9:37 Town Watch
10:47 Double-Bit Axe
13:38 Fishing Lines
18:24 Castle Age
17:48 Forging
18:21 Scale Barding Armor
22:12 Horse Collar
23:32 Heavy Plow
24:10 Wheelbarrow
23:52 Bow Saw
24:04 Stone Mining
28:34 Stone Shaft Mining
28:11 Fletching
29:10 Masonry
34:12 Bodkin Arrow
34:40 Ballistics
35:41 Gold Mining
36:02 Padded Archer Armor
38:09 Bloodlines
38:58 Leather Archer Armor
39:37 Gold Shaft Mining
40:20 Hand Cart
41:31 Thumb Ring
42:01 Nomads
ImprovingYeti
2:06 Loom
9:56 Feudal Age
13:21 Forging
13:01 Double-Bit Axe
18:52 Castle Age
18:22 Horse Collar
25:14 Imperial Age
23:21 Fletching
24:09 Bow Saw
25:47 Fishing Lines
28:41 Wheelbarrow
29:24 Gillnets
29:56 Bodkin Arrow
31:51 Chemistry
30:52 Padded Archer Armor
33:25 Town Watch
34:05 Leather Archer Armor
36:42 Pikeman
37:37 Halberdier
38:34 Scale Mail Armor
38:44 Forging
38:44 Squires
40:20 Chain Mail Armor
40:48 Squires
41:24 Iron Casting
42:08 Plate Mail Armor
Sp Bro
12:16 Feudal Age
13:24 Double-Bit Axe
16:12 Castle Age
14:54 Fishing Lines
16:26 Loom
17:44 Forging
18:54 Bow Saw
19:06 Scale Barding Armor
19:58 Wheelbarrow
23:38 Iron Casting
26:41 Chain Barding Armor
27:37 Gillnets
28:59 Bloodlines
29:24 Horse Collar
35:31 Imperial Age
35:57 Hand Cart
37:50 Conscription
37:16 Elite Jarl
40:53 Plate Barding Armor
EMPEROR98265292
7:47 Loom
11:30 Feudal Age
15:34 Castle Age
13:21 Double-Bit Axe
16:47 Bow Saw
17:20 Wheelbarrow
18:35 Horse Collar
19:22 Fishing Lines
23:32 Gillnets
24:18 Heavy Plow
24:49 Stone Mining
30:11 Imperial Age
27:47 Gold Mining
28:33 Stone Shaft Mining
28:28 Siege Engineers
28:17 Fletching
29:07 Gold Shaft Mining
29:58 Ballistics
30:31 Scale Barding Armor
30:37 Forging
30:23 Heavy Scorpion
32:05 Chemistry
32:31 Chain Barding Armor
33:01 Iron Casting
ntn88
1:23 Loom
11:36 Feudal Age
16:44 Castle Age
14:45 Double-Bit Axe
17:40 Bow Saw
20:06 Fishing Lines
24:49 Gillnets
32:45 Imperial Age
Connection lost

Rejoining the realm…

Still unreachable

The connection could not be restored.

Session expired

The server has moved on; the page needs a fresh start.